 Dungeon Crawl Stone Soup version 0.21.1-1-g345015fe64 (webtiles) character file.

217 korald the Shooter (level 5, 0/45 HPs)
             Began as a Centaur Hunter on July 20, 2018.
             Slain by an orc priest
             ... wielding a +0 hand axe of freezing
              (2 damage)
             ... on level 4 of the Dungeon.
             The game lasted 00:21:58 (2957 turns).

korald the Shooter (Centaur Hunter)                 Turns: 2957, Time: 00:22:00

Health: 0/45       AC: 15    Str: 15    XL:     5   Next: 61%
Magic:  5/5        EV:  8    Int: 10    God:
Gold:   147        SH:  0    Dex: 10    Spells: 4/4 levels left

rFire    . . .     SeeInvis .   b - +0 short sword
rCold    . . .     Gourm    .   (no shield)
rNeg     . . .     Faith    .   k - +3 leather armour
rPois    .         Spirit   .   g - +2 helmet
rElec    .         Reflect  .   i - +0 cloak
rCorr    .         Harm     .   (no gloves)
MR       .....                  e - +0 centaur barding
Stlth    +.........             (no amulet)
HPRegen  0.15/turn              (no ring)
MPRegen  0.09/turn              (no ring)

@: very quick
A: large, hooves 3, deformed body, speed 2, tough skin 3
a: no special abilities


You were on level 4 of the Dungeon.
You were not hungry.

You visited 1 branch of the dungeon, and saw 4 of its levels.

You collected 147 gold pieces.

Inventory:

Hand Weapons
 a - a +2 shortbow
 b - a +0 short sword (weapon)
Missiles
 d - an arrow
Armour
 e - a +0 centaur barding (worn)
 g - a +2 helmet (worn)
 i - a +0 cloak (worn)
 k - a +3 leather armour (worn)
 r - a -2 leather armour
Wands
 c - a wand of flame (21)
Scrolls
 j - 2 scrolls of enchant armour
 o - a scroll of noise
 p - a scroll of teleportation
Potions
 l - 2 potions of flight
 m - a potion of berserk rage
 n - 2 potions of might
 q - a potion of curing
 t - a potion of mutation
 u - a potion of ambrosia
 v - a potion of haste
 w - a potion of lignification
Books
 x - a book of Misfortune

   Spells                             Type                      Level
   a - Confusing Touch                Hexes                        1
   b - Confuse                        Hexes                        3
   c - Gell's Gravitas                Translocation                3
   d - Petrify                        Transmutation/Earth          4
   e - Metabolic Englaciation         Hexes/Ice                    5
   f - Yara's Violent Unravelling     Hexes/Transmutation          5
Comestibles
 f - 8 rations
 s - 2 chunks of flesh


   Skills:
 + Level 3.5 Fighting
 + Level 7.0 Bows
 + Level 2.7 Dodging
 - Level 0.4 Stealth


You had 4 spell levels left.
You didn't know any spells.

Dungeon Overview and Level Annotations

Branches:
Dungeon (4/15)
 Temple: D:4-7

Altars:
Fedhas
Sif Muna
Yredelemnul

Annotations:
D:3 exclusion: oklob plant


Innate Abilities, Weirdness & Mutations

You have hooves in place of feet.
Armour fits poorly on your strangely shaped body.
You cover ground very quickly.
You have extremely tough skin. (AC +3)


Message History

Press: ? - help, Shift-Dir - straight line, f/p - orc priest
Aim: an orc priest, wielding a hand axe of freezing and wearing a leather armour (moderately wounded)
The puff of flame misses the orc priest.
The orc priest calls down the wrath of Beogh upon you.
Beogh smites you!
* * * LOW HITPOINT WARNING * * *
The adder skeleton bites you but does no damage.
b - a +0 short sword (weapon)
The orc priest calls down the wrath of Beogh upon you.
Pain shoots through your body!
* * * LOW HITPOINT WARNING * * *
Unknown command.
You closely miss the orc priest.
You kick the orc priest, but do no damage.
The orc priest is moderately wounded.
The adder skeleton barely misses you.
The orc priest hits you with a hand axe of freezing.
* * * LOW HITPOINT WARNING * * *
The orc priest freezes you.
You die...

#.............#.#
...##.#...(.....#
....#.#.......###
...........)..#
....###.......# .#
..[####.......# #.#
#...........<.# #(##
#.#####...#######Z..#
#.# #...# ####@#.#
..# #...###ooo##.# .#
#...##o#.#.#.# .#
####...#<##.##..#
.#.........###.###.#
...........#
##.##.##.#
.#.........# ##.....#
.######...#. #.....#
.# #.......
#.......)#


You could see an orc priest, 3 orcs and an adder skeleton.

Vanquished Creatures
  3 orc wizards (D:4)
  Ijyb (D:2)
  A howler monkey skeleton (D:4)
  2 adders
  An ooze (D:4)
  A dart slug (D:2)
  A leopard gecko (D:2)
  3 orcs (D:4)
  3 giant cockroaches
  12 goblins
  11 hobgoblins
  4 jackals (D:2)
  6 kobolds
  A quokka (D:2)
  3 ball pythons
  9 bats
  3 frilled lizards
  3 rats
68 creatures vanquished.

Vanquished Creatures (others)
  16 toadstools (D:3)
16 creatures vanquished.

Grand Total: 84 creatures vanquished

Notes
Turn   | Place    | Note
-------+----------+-------------------------------------------
     0 | D:1      | korald the Centaur Hunter began the quest for the Orb.
     0 | D:1      | Reached XP level 1. HP: 17/17 MP: 1/1
   145 | D:1      | Reached XP level 2. HP: 24/24 MP: 2/2
   771 | D:1      | Reached skill level 6 in Bows
  1009 | D:2      | Reached XP level 3. HP: 30/30 MP: 3/3
  1655 | D:2      | Noticed Ijyb
  1681 | D:2      | Killed Ijyb
  1681 | D:2      | Reached XP level 4. HP: 29/37 MP: 4/4
  2052 | D:3      | Found a blossoming altar of Fedhas.
  2066 | D:3      | Noticed an oklob plant
  2410 | D:3      | Found a deep blue altar of Sif Muna.
  2411 | D:3      | Found a basalt altar of Yredelemnul.
  2632 | D:4      | Reached XP level 5. HP: 34/45 MP: 5/5
  2952 | D:4      | Reached skill level 7 in Bows
  2957 | D:4      | HP: 2/45 [orc priest/hand axe of freezing (5)]
  2957 | D:4      | Slain by an orc priest

Skill      XL: |  1  2  3  4  5 |
---------------+----------------+-----
Bows           | 6 7 |  7.0
Dodging        | 2 |  2.7
Fighting       | 3 |  3.5
Stealth        | |  0.4

Action                   |  1- 3 |  4- 6 || total
-------------------------+-------+-------++-------
Melee: Short sword       |    53 |    72 ||   125
       Kick              |     9 |    20 ||    29
 Fire: Shortbow          |    94 |     7 ||   101
Evoke: Wand              |       |     6 ||     6
  Use: Scroll            |       |    15 ||    15
  Eat: Chunk             |     1 |     3 ||     4
Armor: Leather armour    |    29 |    46 ||    75
Dodge: Dodged            |    39 |    32 ||    71
